 Dungeon Crawl Stone Soup version 0.30-a0-341-g682706514a (webtiles) character file.

Game seed: 11261656498071454850

380 Harunobu the Trooper (level 6, -1/40 HPs)
             Began as a Gargoyle Monk on Nov 1, 2022.
             Slain by a wight
             ... wielding a +0 great sword
              (16 damage)
             ... on level 4 of the Dungeon.
             The game lasted 00:06:28 (3128 turns).

Harunobu the Trooper (Gargoyle Monk)                Turns: 3128, Time: 00:06:28

Health: -1/40      AC: 14    Str: 17    XL:     6   Next: 75%
Magic:  6/6        EV:  5    Int: 10    God:
Gold:   137        SH:  0    Dex: 12    Spells: 5/5 levels left

rFire   . . .      SeeInvis .    A - +0 great sword
rCold   . . .      Faith    .    (shield currently unavailable)
rNeg    + . .      Spirit   .    w - +0 plate armour
rPois   ∞          Reflect  .    (no helmet)
rElec   +          Harm     .    o - scarf {shadows}
rCorr   .          Rampage  .    (no gloves)
Will    .....                    (no boots)
Stlth   ..........               l - amulet of regeneration
HPRegen 1.06/turn                (no ring)
MPRegen 0.10/turn                (no ring)

@: no status effects
A: sickness immunity, AC +4, negative energy resistance 1, electricity
resistance, torment resistance 1, petrification resistance
a: no special abilities


You were on level 4 of the Dungeon.
You visited 1 branch of the dungeon, and saw 6 of its levels.

You collected 137 gold pieces.

Inventory:

Hand Weapons
 a - a +0 mace
 A - a +0 great sword (weapon)
Missiles
 i - a throwing net (quivered)
Armour
 b - a +0 robe
 o - a scarf of shadows (worn)
 w - a +0 plate armour (worn)
Jewellery
 l - an amulet of regeneration (around neck)
Wands
 m - a wand of charming (21)
Scrolls
 e - 6 scrolls of identify {unknown}
 g - a scroll of magic mapping {unknown}
 h - a scroll of amnesia {unknown}
 k - 2 scrolls of vulnerability {unknown}
 n - a scroll of poison {unknown}
 p - a scroll of acquirement {unknown}
 r - a scroll of blinking {unknown}
 s - a scroll of fear {unknown}
 v - 3 scrolls of fog {unknown}
 x - a scroll of brand weapon {unknown}
 y - 2 scrolls of noise {unknown}
 B - a scroll of teleportation {unknown}
Potions
 c - a potion of ambrosia
 d - 5 potions of curing {unknown}
 f - 2 potions of attraction {unknown}
 j - 2 potions of brilliance {unknown}
 q - 3 potions of haste {unknown}
 t - a potion of degeneration {unknown}
 u - a potion of mutation {unknown}
 z - a potion of magic {unknown}


   Skills:
 + Level 5.3 Fighting
 - Level 3.0 Maces & Flails
 + Level 4.0 Dodging
 + Level 5.0 Stealth


You had 5 spell levels left.
You didn't know any spells.
Your spell library contained the following spells:

 Spells                   Type           Power      Damage    Failure   Level
 Yara's Violent Unravell  Hex/Tmut       0%         3d3       100%        5
 Enfeeble                 Hex            0%         N/A       100%        7


Dungeon Overview and Level Annotations

Branches:
Dungeon (6/15)
 Temple: D:4-7

Altars:
Uskayaw


Innate Abilities, Weirdness & Mutations

You are immune to sickness and miasma.
Your stone body is resilient. (AC +4)
You are immune to poison.
You resist negative energy. (rN+)
You are resistant to electric shocks. (rElec)
You are resistant to unholy torment.
You are immune to petrification.


Message History

You hear the hiss of flowing sand.
There is an entrance to an ossuary on this level.
Hurry and find it before the portal is buried!
Found three items.
There is a stone staircase leading down here.
You slash the quokka!
You kill the quokka!
A wight comes into view. It is wielding a +0 halberd.
Found a leather armour.
The wight closely misses you.
You barely miss the wight. The wight hits you with a +3 mace.
You hit the wight but do no damage. The wight hits you with a +3 mace. x2
The wight hits you but does no damage.
You barely miss the wight. The wight hits you but does no damage.
The wight hits you from afar with a +0 halberd.
You slash the wight!
You destroy the wight!
The wight hits you but does no damage. x2
The wight hits you but does no damage.
You slash the wight!
The wight is severely damaged.
A wight comes into view. It is wielding a +0 great sword.
The wight barely misses you. The wight hits you with a +0 halberd.
You slash the wight!
You destroy the wight!
Your Dodging skill increases to level 4!
Your Stealth skill increases to level 5!
An orc comes into view. It is wielding a +0 club.
The wight barely misses you.
Things that are here:
a +0 halberd; a +0 robe You barely miss the wight.
The orc shouts!
You hear an angry hiss.
The wight hits you with a +0 great sword.
The wight hits you with a +0 great sword!
You barely miss the wight.
The wight hits you with a +0 great sword.
The wight hits you with a +0 great sword!
The orc completely misses you.
You closely miss the wight.
The wight hits you with a +0 great sword!
You die...

#.... .#....##
.....[.##
........#
...?....
......z#
......@#
......o##
.......)# ##..
........#.....
##.....>...?..
...........##.
....#......#
....#......#
... .......#


You could see a wight and an orc.

Vanquished Creatures
  A kobold brigand (D:5)
  A scorpion (D:5)
  2 wights (D:4)
  A hound (D:5)
  An iguana (D:5)
  An orc wizard (D:1)
  An adder (D:3)
  2 worms (D:2)
  A dart slug (D:1)
  3 orcs
  2 endoplasms
  2 giant cockroaches
  3 goblins
  8 jackals (D:1)
  6 kobolds
  3 quokkas
  5 ball pythons
  6 bats
  5 frilled lizards
  4 rats
58 creatures vanquished.

Notes
Turn   | Place    | Note
-------+----------+-------------------------------------------
     0 | D:1      | Harunobu the Gargoyle Monk began the quest for the Orb.
     0 | D:1      | Reached XP level 1. HP: 14/14 MP: 1/1
   346 | D:1      | Reached XP level 2. HP: 19/19 MP: 2/2
  1140 | D:1      | Reached XP level 3. HP: 19/24 MP: 3/3
  1596 | D:2      | Found a hide-covered altar of Uskayaw.
  2361 | D:3      | Reached XP level 4. HP: 29/29 MP: 4/4
  2711 | D:3      | You fall into a shaft and drop 2 floors!
  2711 | D:5      | Entered Level 5 of the Dungeon
  2746 | D:5      | Noticed a kobold brigand
  2776 | D:5      | Killed a kobold brigand
  2777 | D:5      | Reached XP level 5. HP: 25/34 MP: 5/5
  2991 | D:6      | Noticed a black bear
  3009 | D:5      | Reached skill level 5 in Fighting
  3009 | D:5      | Reached XP level 6. HP: 40/40 MP: 6/6
  3125 | D:4      | Reached skill level 5 in Stealth
  3128 | D:4      | Slain by a wight

Illustrated notes

Levels and vault maps discovered:
D:1:      ebering_trefoil_3fold, layout_basic
D:2:      layout_basic, basic_altar, hex_tiny
D:3:      layout_rooms
D:4:      cheibrodos_quashed, layout_cave_pools, enter_ossuary_1, uniq_natasha
D:5:      layout_rooms
D:6:      layout_basic, serial_curves, eino_curves_01, eino_curves_04,
          roderic_lattice_a, minmay_diced_spiral

Skill      XL: |  1  2  3  4  5  6 |
---------------+-------------------+-----
Stealth        | 3 4 5 |  5.0
Fighting       | 4 5 |  5.3
Dodging        | 3 4 |  4.0
Maces & Flails | |  3.0

Action                   |  1- 3 |  4- 6 || total
-------------------------+-------+-------++-------
Melee: Mace              |   148 |    46 ||   194
       Punch             |     1 |       ||     1
       Great sword       |       |    36 ||    36
 Stab: Sleeping          |    11 |       ||    11
Armor: Robe              |    63 |    17 ||    80
       Plate armour      |       |    97 ||    97
Dodge: Dodged            |   108 |    34 ||   142

Table legend: (Time is in decaauts)
 A = Elapsed time spent in this place.
 B = Non-inter-level travel time spent in this place.
 C = Inter-level travel time spent in this place.
 D = Time resting spent in this place.
 E = Time spent auto-exploring this place.
 F = Levels seen in this place.
 G = Mean time per level.
                   A        B        C        D        E       F      G
               +--------+--------+--------+--------+--------+-----+--------+
         Total |   3203 |   3115 |     88 |    705 |   1591 |   6 |  533.8 |
       Dungeon |   3203 |   3115 |     88 |    705 |   1591 |   6 |  533.8 |
               +--------+--------+--------+--------+--------+-----+--------+

Top non-repeatable levels by time:
     D:1: 1505 daAuts
     D:2: 1003 daAuts
     D:5: 413 daAuts
     D:3: 248 daAuts
     D:4: 20 daAuts
     D:6: 12 daAuts
